 Dungeon Crawl Stone Soup version 0.28-a0-1568-g77cbbf62ba (webtiles) character file.

Game seed: 16637522122231986721

437 diblet the Vexing (level 6, -1/28 HPs)
             Began as a Spriggan Enchanter on Jan 20, 2022.
             Was a Follower of Dithmenos.
             Killed by nerve-wracking pain
             ... invoked by Grinder
              (14 damage)
             ... while paralysed by Grinder
             ... on level 4 of the Dungeon.
             The game lasted 00:07:59 (4411 turns).

diblet the Vexing (Spriggan Enchanter)              Turns: 4411, Time: 00:08:00

Health: -1/28      AC:  2    Str:  6    XL:     6   Next: 69%
Magic:  13/16      EV:  4    Int: 23    God:    Dithmenos [*.....]
Gold:   111        SH:  0    Dex: 15    Spells: 6/17 levels left

rFire   . . .      SeeInvis +   a - +1 dagger
rCold   + . .      Faith    .   (no shield)
rNeg    . . .      Spirit   .   b - +0 robe
rPois   .          Reflect  .   (helmet restricted)
rElec   .          Harm     .   (no cloak)
rCorr   .          Rampage  .   (gloves unavailable)
Will    +....                   (boots unavailable)
Stlth   ++++......              (no amulet)
HPRegen 0.09/turn               h - ring of protection from cold
MPRegen 0.15/turn               m - +6 ring of intelligence

@: paralysed, confusing by touch, wreathed by umbra, very quick
A: very small, no large weapons, unfitting armour, see invisible, speed 3
a: Renounce Religion


You were on level 4 of the Dungeon.
You worshipped Dithmenos.
Dithmenos was aware of your devotion.
You visited 1 branch of the dungeon, and saw 4 of its levels.

You collected 111 gold pieces.

Inventory:

Hand Weapons
 a - a +1 dagger (weapon)
 f - a +3 short sword
 g - a +0 rapier
Missiles
 e - 10 poisoned darts (quivered)
Armour
 b - a +0 robe (worn)
Jewellery
 h - a ring of protection from cold (left hand)
 m - a +6 ring of intelligence (right hand)
Wands
 k - a wand of paralysis (5)
 p - a wand of digging (7)
Potions
 c - 2 potions of invisibility
 d - 2 potions of heal wounds
 i - 2 potions of haste
 j - a potion of might
 l - a potion of flight {unknown}
 n - a potion of mutation {unknown}
 o - 2 potions of curing {unknown}


   Skills:
 - Level 1.1 Short Blades
 - Level 2.6 Dodging
 + Level 6.2 Stealth
 + Level 6.0 Spellcasting
 + Level 6.5 Hexes


You had 6 spell levels left.
You knew the following spells:

 Your Spells              Type           Power      Damage    Failure   Level
a - Ensorcelled Hibernat  Hex/Ice        42%        N/A       3%          2
b - Tukima's Dance        Hex            37%        N/A       1%          3
c - Dazzling Flash        Conj/Hex       42%        N/A       7%          3
d - Confusing Touch       Hex            37%        N/A       1%          3

Your spell library contained the following spells:

 Spells                   Type           Power      Damage    Failure   Level
 Dispersal                Tloc           3%         N/A       100%        6
 Disjunction              Tloc           3%         N/A       100%        8


Dungeon Overview and Level Annotations

Branches:
Dungeon (4/15)
 Temple: D:4-7

Altars:
Dithmenos

Annotations:
D:4 Blork the orc, Grinder


Innate Abilities, Weirdness & Mutations

You are very small and have problems with some larger weapons.
You are too small for most types of armour.
You have supernaturally acute eyesight. (SInv)
You cover ground extremely quickly. (Speed+++)


Message History

Confirm with . or Enter, or press ? or * to list all spells.
Aiming: Ensorcelled Hibernation (safe; 3% risk of failure)
Press: ? - help, Shift-Dir - straight line, f/p - giant cockroach
Aim: a giant cockroach (lightly wounded, umbra, chance to affect: 71%)
The giant cockroach struggles to resist.
The giant cockroach misses you.
Casting: Ensorcelled Hibernation (safe; 3% risk of failure)
Confirm with . or Enter, or press ? or * to list all spells.
Aiming: Ensorcelled Hibernation (safe; 3% risk of failure)
Press: ? - help, Shift-Dir - straight line, f/p - giant cockroach
Aim: a giant cockroach (lightly wounded, umbra, chance to affect: 71%)
The giant cockroach looks drowsy...
The helpless giant cockroach fails to defend itself.
You impale the giant cockroach!!
You kill the giant cockroach!
Dithmenos accepts your kill.
HP restored.
Magic restored.
You now have 94 gold pieces (gained 11).
There is a stone staircase leading up here.
You now have 111 gold pieces (gained 17).
Grinder comes into view.
Grinder shouts!
You hit Grinder.
Grinder is lightly wounded.
Grinder blinks!
Casting: Ensorcelled Hibernation (safe; 3% risk of failure)
Confirm with . or Enter, or press ? or * to list all spells.
Your hands begin to glow red.
Grinder hits you.
You writhe in agony.
Unknown command.
You barely miss Grinder.
Grinder is lightly wounded.
Grinder gestures at you.
You suddenly lose the ability to move!
Grinder barely misses you. Grinder hits you.
You writhe in agony.
Grinder gestures at you. Pain shoots through your body!
Ouch! That really hurt!
You die...

###.## #.
##.### #.
##..### #.
#..... #.#
##.....
##..
##.....#
#..
##......#
##.#
##.......#
##.@#
##........#
#.5##
#..........
#..##
#........<.
#...#
#..###.....
#...##
#........##
##...##
##......##
###..##
##.....#
##..#
###...#
##.## ##..#


You could see Grinder.

Vanquished Creatures
  An ogre (D:3)
  A centaur skeleton (D:3)
  An orc wizard (D:3)
  A gnoll (D:3)
  3 adders
  An adder zombie (D:3)
  2 adder skeletons (D:3)
  2 worms (D:3)
  2 dart slugs
  5 orcs
  5 ball pythons
  4 endoplasms
  A giant cockroach (D:4)
  6 goblins
  5 hobgoblins
  4 jackals (D:2)
  5 kobolds
  2 quokkas (D:3)
  5 bats
  4 frilled lizards
  A quokka skeleton (D:4)
  A quokka zombie (D:3)
  4 rats
66 creatures vanquished.

Vanquished Creatures (collateral kills)
  Sigmund (D:3)
  2 gnolls (D:3)
  A dart slug (D:3)
4 creatures vanquished.

Vanquished Creatures (others)
  2 dancing weapons
  3 withered plants (D:3)
5 creatures vanquished.

Grand Total: 75 creatures vanquished

Notes
Turn   | Place    | Note
-------+----------+-------------------------------------------
     0 | D:1      | diblet the Spriggan Enchanter began the quest for the Orb.
     0 | D:1      | Reached XP level 1. HP: 9/9 MP: 5/5
   338 | D:1      | Reached XP level 2. HP: 13/13 MP: 7/7
   341 | D:1      | Learned a level 2 spell: Ensorcelled Hibernation
  1095 | D:2      | Reached XP level 3. HP: 13/16 MP: 9/9
  1099 | D:2      | Learned a level 3 spell: Tukima's Dance
  1103 | D:2      | Learned a level 3 spell: Dazzling Flash
  1243 | D:2      | Found a shadowy altar of Dithmenos.
  1260 | D:2      | Became a worshipper of Dithmenos the Shadowed
  1797 | D:3      | Reached skill level 5 in Hexes
  1797 | D:3      | Reached XP level 4. HP: 21/21 MP: 6/11
  2406 | D:3      | Learned a level 3 spell: Confusing Touch
  2741 | D:3      | Reached * piety under Dithmenos
  2861 | D:3      | Reached skill level 5 in Spellcasting
  2861 | D:3      | Reached XP level 5. HP: 10/24 MP: 4/13
  3107 | D:3      | Noticed Sigmund
  3114 | D:3      | Killed Sigmund
  3115 | D:3      | Reached skill level 5 in Stealth
  3115 | D:3      | Reached XP level 6. HP: 28/28 MP: 8/15
  3816 | D:4      | Noticed Blork the orc
  4401 | D:4      | Noticed Grinder
  4408 | D:4      | Paralysed by Grinder for 6 turns
  4411 | D:4      | Killed from afar by Grinder

Illustrated notes

Levels and vault maps discovered:
D:1:      minmay_arrival_four_circles, layout_basic, serial_park_tiny_2,
          hangedman_decor_push
D:2:      layout_loops_ring, basic_altar
D:3:      layout_basic, serial_undead, serial_undead_c, serial_undead_b,
          serial_undead_e, serial_undead_d, serial_undead_c, serial_undead_b,
          kennysheep_generic_room_10, uniq_sigmund
D:4:      layout_layer_cave, serial_glass, glass_columns_c, glass_columns_a,
          uniq_robin, uniq_grinder, uniq_blork_the_orc

Skill      XL: |  1  2  3  4  5  6 |
---------------+-------------------+-----
Spellcasting   | 3 4 5 6 |  6.0
Hexes          | 4 5 6 |  6.5
Stealth        | 5 6 |  6.2
Short Blades   | |  1.1
Dodging        | |  2.6

Action                   |  1- 3 |  4- 6 || total
-------------------------+-------+-------++-------
Melee: Dagger            |    95 |   128 ||   223
Throw: Dart              |     2 |       ||     2
 Cast: Ensorcelled Hiber |     5 |    25 ||    30
       Tukima's Dance    |       |     7 ||     7
       Confusing Touch   |       |     2 ||     2
Evoke: Wand              |       |     1 ||     1
  Use: Scroll            |     2 |     4 ||     6
 Stab: Sleeping          |    11 |    18 ||    29
       Distracted        |       |     1 ||     1
       Paralysed         |       |     1 ||     1
Armor: Robe              |     5 |    11 ||    16
Dodge: Dodged            |    62 |    97 ||   159

Table legend: (Time is in decaauts)
 A = Elapsed time spent in this place.
 B = Non-inter-level travel time spent in this place.
 C = Inter-level travel time spent in this place.
 D = Time resting spent in this place.
 E = Time spent auto-exploring this place.
 F = Levels seen in this place.
 G = Mean time per level.
                   A        B        C        D        E       F      G
               +--------+--------+--------+--------+--------+-----+--------+
         Total |   3385 |   3322 |     63 |    320 |   2375 |   4 |  846.2 |
       Dungeon |   3385 |   3322 |     63 |    320 |   2375 |   4 |  846.2 |
               +--------+--------+--------+--------+--------+-----+--------+

Top non-repeatable levels by time:
     D:3: 1825 daAuts
     D:1: 686 daAuts
     D:2: 658 daAuts
     D:4: 216 daAuts
